Map: Ever Dream LE

Players

RyuKey

  • Race: Terran Terran
  • League: Diamond
  • Spawn Location: 1:00

VOD

Have the link to the VOD?

Description

Time

  • Played on: June 23, 2020, 6:05 p.m.
  • Length: 9:15
Show
View Real Time Build Order
Export as new Build Order

RyuKey Terran 

Build Orders:  

Get SALT Encoding   

  12  0:01  SCV  
  13  0:18  SCV  
  14  0:23  Supply Depot  
  14  0:35  SCV  
  14  0:38  Refinery  
  15  0:53  SCV  
  16  1:04  Barracks  
  16  1:10  SCV  
  17  1:27  SCV  
  18  1:44  SCV  
  19  2:01  SCV  
  20  2:16  Reaper  
  20  2:18  Orbital Command  
  21  2:28  Command Center  
  21  2:41  Factory  
  21  2:54  SCV  
  22  3:04  Barracks Reactor  
  22  3:11  SCV  
  22  3:17  Supply Depot  
  22  3:18  Refinery  
  23  3:47  SCV  
  23  3:49  Starport  
  24  4:04  SCV, Hellion  
  24  4:05  Barracks Tech Lab, Hellion  
  29  4:13  Orbital Command  
  29  4:21  SCV  
  30  4:34  Hellion  
  30  4:35  Hellion  
  30  4:38  SCV  
  30  4:50  Banshee  
  35  4:51  Cloaking Field  
  35  4:55  SCV  
  35  4:56  SCV  
  40  5:04  Supply Depot  
  40  5:12  SCV  
  40  5:15  SCV  
  42  5:21  Factory Tech Lab  
  42  5:24  Marine  
  42  5:26  Marine  
  42  5:29  SCV  
  45  5:32  SCV  
  45  5:36  Supply Depot  
  46  5:46  SCV  
  46  5:49  Marine, Banshee  
  48  5:51  Marine, SCV  
  48  5:57  Supply Depot  
  53  6:03  SCV  
  53  6:06  Siege Tank  
  53  6:08  SCV  
  53  6:09  Supply Depot  
  58  6:20  SCV  
  58  6:25  SCV  
  58  6:28  Supply Depot  
  58  6:29  Marine x2  
  62  6:37  SCV  
  62  6:38  Engineering Bay  
  63  6:40  Engineering Bay  
  63  6:41  SCV  
  64  6:54  SCV, Siege Tank  
  64  6:56  Banshee  
  64  6:58  SCV  
  72  7:01  Supply Depot  
  72  7:08  Refinery  
  72  7:10  Refinery  
  72  7:11  SCV  
  72  7:15  SCV  
  74  7:28  Marine x2, SCV  
  77  7:38  SCV  
  78  7:41  Command Center  
  78  7:47  SCV  
  75  7:53  Marine  
  75  7:55  SCV  
  74  8:04  SCV  
  74  8:08  Marine, Siege Tank  
  79  8:12  SCV  
  79  8:15  Banshee  
  79  8:18  Marine  
  84  8:21  SCV  
  85  8:32  Factory  
  85  8:42  Factory  
  85  8:48  SCV x2  
  87  9:04  Command Center  
Tags
 
Add a new tag
Caveats
  • Supply blocks, unpowered buildings, or Contaminate may cause inaccurate times.
  • Supply counts are checked every 10 seconds.